 Dungeon Crawl Stone Soup version 0.23-a0-183-gf37f6fb (webtiles) character file.

130143 Merlin the Impaler (level 16, 0/132 HPs)
             Began as a Minotaur Fighter on Sept 21, 2018.
             Was the Champion of Hepliaklqana.
             Slain by an iron troll simulacrum (9 damage)
             ... in an ice cave.
             The game lasted 02:19:33 (27362 turns).

Merlin the Impaler (Minotaur Fighter)              Turns: 27362, Time: 02:19:33

Health: 0/132      AC: 21    Str: 25    XL:     16   Next: 52%
Magic:  31/31      EV: 22    Int:  3    God:    Hepliaklqana [******]
Gold:   2025       SH: 15    Dex: 21    Spells: 15/15 levels left

rFire    + + .     SeeInvis .   U - +6 demon trident (drain)
rCold    + . .     Gourm    .   c - +0 shield
rNeg     . . .     Faith    .   S - +1 plate armour {MR+}
rPois    .         Spirit   .   (helmet restricted)
rElec    +         Reflect  .   p - scarf {cloud immunity}
rCorr    .         Harm     .   w - +0 pair of gloves of Existentialism {rElec MP+9}
MR       ++...                  X - +0 pair of boots
Stlth    ..........             E - amulet of Otiodol {Acrobat rF+++ Str+3 Int-2 Dex+5}
HPRegen  0.32/turn              a - ring of ice
MPRegen  0.22/turn              Q - +6 ring of evasion

@: no status effects
A: retaliatory headbutt, reduced essence, horns 2
a: Recall Ancestor, Ancestor Identity, Transference, Idealise, Renounce Religion


You were in an ice cave.
You worshipped Hepliaklqana.
Hepliaklqana was exalted by your worship.
You were very hungry.

You visited 5 branches of the dungeon, and saw 25 of its levels.
You also visited: Ossuary, Ice Cave and Volcano.

You collected 2914 gold pieces.
You spent 889 gold pieces at shops.

Inventory:

Hand Weapons
 k - the +8 halberd of Extermination {chop, rF+ MR++}
   (You bought it in a shop on level 2 of the Orcish Mines)

   It inflicts extra damage upon your enemies.
   It protects you from fire.
   It affects your resistance to hostile enchantments.
 T - the +5 hand crossbow of Light {freeze, rC+ Int+3}
   (You found it on level 8 of the Dungeon)

   It causes projectiles fired from it to freeze those they strike, causing
   extra injury to most foes and up to half again as much damage against
   particularly susceptible opponents.
   They can also slow down cold-blooded creatures.
   It affects your intelligence (+3).
   It protects you from cold.
 U - a +6 demon trident of draining (weapon)
Missiles
 Y - 208 bolts
Armour
 c - a +0 shield (worn)
 p - a scarf of cloud immunity (worn)
 w - the +0 pair of gloves of Existentialism (worn) {rElec MP+9}
   (You found it in a volcano)

   It insulates you from electricity.
   It affects your magic capacity (+9).
 z - a +1 cloak
 L - the +6 acid dragon scales of the Soldier {rCorr Int+2}
   (You acquired it on level 13 of the Dungeon)

   It affects your intelligence (+2).
   It provides partial protection from all sources of acid and corrosion.
 S - a +1 plate armour of magic resistance (worn)
 X - a +0 pair of boots (worn)
Jewellery
 a - a ring of ice (left hand)
 q - a +3 ring of protection
 E - the amulet of Otiodol (around neck) {Acrobat rF+++ Str+3 Int-2 Dex+5}
   (You found it on level 4 of the Dungeon)

   [amulet of the acrobat]

   It helps you evade while moving and waiting.
   It affects your strength (+3).
   It affects your intelligence (-2).
   It affects your dexterity (+5).
   It renders you almost immune to fire.
 F - an uncursed ring of resist corrosion
 G - an uncursed ring of see invisible
 H - an uncursed ring of protection from magic
 K - an uncursed ring of poison resistance
 N - an uncursed ring of positive energy
 Q - a +6 ring of evasion (right hand)
Wands
 b - a wand of scattershot (7)
 t - a wand of iceblast (8)
 v - a wand of flame (94)
 I - a wand of digging (8)
 O - a wand of acid (19)
 R - a wand of paralysis (48)
 V - a wand of random effects (64)
 Z - a wand of enslavement (14)
Scrolls
 g - 5 scrolls of blinking
 h - 6 scrolls of fog
 l - a scroll of magic mapping
 n - 8 scrolls of teleportation
 s - 2 scrolls of immolation
 u - 3 scrolls of remove curse
 A - 5 scrolls of fear
 J - 2 scrolls of vulnerability
Potions
 d - 3 potions of might
 e - a potion of lignification
 i - 4 potions of curing
 j - 3 potions of agility
 m - 2 potions of cancellation
 o - 7 potions of flight
 r - a potion of invisibility
 x - 3 potions of resistance
 B - a potion of berserk rage
 C - 4 potions of heal wounds
 D - 4 potions of haste
 P - 6 potions of brilliance
 W - a potion of mutation
Miscellaneous
 y - a phial of floods
Comestibles
 f - 26 rations


   Skills:
 + Level 14.7 Fighting
 + Level 15.3 Polearms
 + Level 14.8 Armour
 + Level 12.2 Dodging
 + Level 14.2 Shields
 + Level 10.0 Invocations
 + Level 8.6 Evocations


You had 15 spell levels left.
You didn't know any spells.
Your spell library contained the following spells:

 Spells                   Type           Power        Failure   Level  Hunger
 Beastly Appendage        Tmut           #.....       99%         1    ##.....
 Infusion                 Chrm           #...         99%         1    ##.....
 Magic Dart               Conj           #...         99%         1    ##.....
 Sting                    Conj/Pois      #...         99%         1    ##.....
 Blink                    Tloc           N/A          100%        2    ###....
 Call Imp                 Summ           #.......     100%        2    ###....
 Corpse Rot               Necr           N/A          100%        2    ###....
 Poisonous Vapours        Pois/Air       #.....       100%        2    ###....
 Shroud of Golubria       Chrm/Tloc      #.........   100%        2    ###....
 Slow                     Hex            #.......     100%        2    ###....
 Song of Slaying          Chrm           #.......     100%        2    ###....
 Sticks to Snakes         Tmut           #.......     100%        2    ###....
 Sublimation of Blood     Necr           #.........   100%        2    ###....
 Conjure Flame            Conj/Fire      #.......     100%        3    ####...
 Mephitic Cloud           Conj/Pois/Air  #.......     100%        3    ####...
 Regeneration             Chrm/Necr      #.........   100%        3    ####...
 Spectral Weapon          Hex/Chrm       #.......     100%        3    ####...
 Spider Form              Tmut/Pois      #.........   100%        3    ####...
 Animate Dead             Necr           N/A          100%        4    #####..
 Ice Form                 Ice/Tmut       #.......     100%        4    #####..
 Olgreb's Toxic Radiance  Pois           #.......     100%        4    #####..
 Blade Hands              Tmut           #.........   100%        5    ######.
 Metabolic Englaciation   Hex/Ice        #.........   100%        5    ######.
 Venom Bolt               Conj/Pois      #.........   100%        5    ######.
 Bolt of Cold             Conj/Ice       #.........   100%        6    #######
 Freezing Cloud           Conj/Ice/Air   #.........   100%        6    #######
 Ozocubu's Refrigeration  Ice            #.........   100%        6    #######
 Simulacrum               Ice/Necr       #.........   100%        6    #######
 Ignition                 Fire           #.........   100%        8    #######


Dungeon Overview and Level Annotations

Branches:
Dungeon (15/15)            Temple (1/1) D:6            Lair (6/6) D:8
 Shoals (0/4) Lair:2       Spider (1/4) Lair:3        Slime (0/5) Lair:6
    Orc (2/2) D:11            Elf (0/3) Orc:2        Vaults (0/5) D:13
 Depths (0/5) D:15

Altars:
Ashenzari
Cheibriados
Dithmenos
Elyvilon
Fedhas
Gozag
Hepliaklqana
Kikubaaqudgha
Makhleb
Nemelex Xobeh
Okawaru
Qazlal
Ru
Sif Muna
Trog
Uskayaw
Vehumet
Wu Jian
Xom
Yredelemnul
Zin
The Shining One
Jiyva

Shops:
D:13 :   Orc:2 (=(!

Annotations:
D:3 1 runed door, Sigmund
Lair:4 1 runed door, Bomudom's ghost, journeyman NaWz
Spider:1 Asterion


Innate Abilities, Weirdness & Mutations

You reflexively headbutt those who attack you in melee.
You have a pair of horns on your head.
Your life essence is reduced to manifest your ancestor. (-10% HP)


Message History

An iron troll simulacrum comes into view.
The iron troll simulacrum completely misses you.
The iron troll simulacrum claws you. The iron troll simulacrum freezes you!
You resist. The iron troll simulacrum claws you.
The iron troll simulacrum freezes you!! You resist.
There is an open door here.
You hit the iron troll simulacrum.
The iron troll simulacrum is lightly damaged.
You impale the iron troll simulacrum!! You headbutt the iron troll simulacrum.
The iron troll simulacrum is severely damaged.
You puncture the iron troll simulacrum!
The iron troll simulacrum is almost destroyed.
The iron troll simulacrum bites you!
* * * LOW HITPOINT WARNING * * *
The iron troll simulacrum freezes you! You resist.
* * * LOW HITPOINT WARNING * * *
The iron troll simulacrum claws you.
* * * LOW HITPOINT WARNING * * *
The iron troll simulacrum freezes you! You resist.
You die...

##.............#
#.####...####.#
###44#...# 4#
#.4##'## #
##+#...# #...#
###...###
#.#...#Z#
###'#...#@###
#.'.......§.#
###.8...8.###
#.'.......'.#
###.8...8.###
#.'.......'§#
###.8...8.###
#.'.......'.#
######+######


You could see an iron troll simulacrum.

Vanquished Creatures
  Louise (D:14)
  An entropy weaver (Spider:1)
  A stone giant (Orc:1)
  A dire elephant (Lair:6)
  Azrael (D:12)
  Snorg (D:13)
  2 fire dragons
  4 hydras
  A great orb of eyes (D:13)
  An ogre mage (D:15)
  Fannar (D:11)
  2 centaur warriors (D:14)
  5 two-headed ogres
  3 orc high priests (Orc:2)
  A death knight (D:15)
  4 tengu warriors
  Sonja (D:13)
  5 hell knights
  Urug (D:13)
  A skeletal warrior (D:15)
  A fire crab (Lair:6)
  A salamander mystic (Volcano)
  4 unseen horrors
  4 wizards
  A phantasmal warrior (D:15)
  5 orc knights
  3 necromancers
  An oklob plant (Lair:3)
  Pikel (D:5)
  4 orb spiders
  3 deep elf magi
  A wolf spider (Spider:1)
  38 ugly things
  4 cyclopes
  4 orc sorcerers
  11 elephants
  A merfolk siren (Lair:2)
  A moth of wrath (Spider:1)
  4 salamanders (Volcano)
  2 rust devils (D:13)
  A torpor snail (Spider:1)
  2 ice statues (IceCv)
  6 black mambas
  10 spiny frogs
  5 centaur skeletons
  5 molten gargoyles
  An orange demon (D:13)
  2 gargoyles (D:15)
  11 komodo dragons
  2 rime drakes (Lair:4)
  An efreet (D:13)
  2 freezing wraiths (D:15)
  An anaconda simulacrum (IceCv)
  A yaktaur (D:15)
  2 ice devils (IceCv)
  2 demonic crawlers (Spider:1)
  7 trolls
  A golden dragon simulacrum (IceCv)
  5 jumping spiders (Spider:1)
  A hornet (Spider:1)
  2 polar bears
  22 blink frogs
  2 hippogriffs
  3 slime creatures (D:14)
  A centaur simulacrum (D:15)
  14 redbacks (Spider:1)
  2 tarantellas (Spider:1)
  A shadow (D:15)
  34 yaks
  A vampire (D:10)
  Grum (D:11)
  4 dire elephant simulacra (IceCv)
  2 wyverns
  Eustachio (D:5)
  4 wraiths
  7 basilisks
  4 fire elementals (D:12)
  2 fire bats (Volcano)
  2 steam dragons (Lair:6)
  2 vampire mosquitoes (D:14)
  5 hungry ghosts
  5 wargs
  A harpy simulacrum (IceCv)
  2 acid dragons (D:13)
  2 hydra simulacra (IceCv)
  16 water moccasins
  14 hell hounds
  2 porcupines
  3 ice beasts
  4 sky beasts
  25 orc warriors
  14 ogres
  3 phantoms
  14 wolves
  19 centaurs
  8 crocodiles
  2 wyvern zombies
  18 bullfrogs
  3 scorpions
  6 killer bees
  15 wights
  2 howler monkeys
  2 crimson imps
  A bullfrog zombie (D:15)
  5 centaur zombies
  2 human zombies (Ossuary)
  11 lava snakes
  2 quasits
  3 bullfrog skeletons
  8 hounds
  9 orc priests
  2 jellies
  22 orc wizards
  Terence (D:3)
  Natasha (thrice) (D:4)
  5 iguanas
  6 worker ants
  6 ogre zombies (D:11)
  A big kobold zombie (Ossuary)
  2 mummies (Ossuary)
  11 adders
  3 shadow imps
  5 adder zombies
  3 adder skeletons
  2 worms
  6 dart slugs
  6 leopard geckos
  61 orcs
  3 giant cockroaches
  2 goblins
  5 hobgoblins
  10 jackals
  9 kobolds
  3 quokkas
  4 ball pythons
  7 bats
  4 frilled lizards
  2 goblin skeletons (D:11)
  3 goblin zombies (D:11)
  11 hobgoblin zombies
  A jackal skeleton (D:4)
  A jackal zombie (Ossuary)
  7 kobold zombies (Ossuary)
  2 leopard gecko skeletons
  16 orc zombies
  6 rats
  2 rat zombies (Ossuary)
  2 fungi
782 creatures vanquished.

Vanquished Creatures (collateral kills)
  Nessos (Orc:2)
  3 hydras
  2 two-headed ogres
  A lindwurm (Orc:2)
  A wizard (D:13)
  A deep elf mage (D:15)
  2 orc knights (Orc:2)
  2 orc sorcerers (Orc:2)
  3 ugly things
  A spiny frog (Lair:3)
  2 jumping spiders (Spider:1)
  3 trolls
  A slime creature (D:14)
  A blink frog (Lair:6)
  4 redbacks (Spider:1)
  4 yaks
  2 basilisks
  A water moccasin (Lair:6)
  A hell hound (Lair:6)
  2 porcupines
  3 orc warriors
  An ogre (D:7)
  A centaur (D:10)
  3 wolves
  A big kobold (D:10)
  2 bullfrogs
  A wyvern skeleton (D:10)
  A scorpion (D:7)
  3 killer bees
  4 wights
  2 lava snakes (Volcano)
  A crimson imp (D:12)
  2 centaur skeletons
  2 hounds
  2 iguanas
  3 orc wizards
  A hound zombie (D:7)
  A leopard gecko (D:11)
  9 orcs
  A jackal (D:11)
  4 hobgoblin zombies
  A jackal zombie (Ossuary)
  2 kobolds (D:10)
  A kobold zombie (Ossuary)
  3 orc zombies
  A fungus (Lair:6)
94 creatures vanquished.

Vanquished Creatures (others)
  A necromancer (D:13)
  A slave (D:5)
  A crimson imp (D:5)
  An orc priest (D:5)
  16 hexers
  2 orc wizards
  3 ancestors
  An orc (D:5)
  7 fungi
  6 plants
39 creatures vanquished.

Grand Total: 915 creatures vanquished

Notes
Turn   | Place    | Note
-------+----------+-------------------------------------------
     0 | D:1      | Merlin the Minotaur Fighter began the quest for the Orb.
     0 | D:1      | Reached XP level 1. HP: 19/19 MP: 0/0
    84 | D:1      | Reached XP level 2. HP: 27/27 MP: 1/1
   167 | D:1      | Reached skill level 3 in Polearms
   858 | D:2      | Reached XP level 3. HP: 30/33 MP: 2/2
  1511 | D:3      | Reached XP level 4. HP: 40/40 MP: 3/3
  1536 | D:3      | Noticed Sigmund
  1681 | D:3      | Found a hide-covered altar of Uskayaw.
  1684 | D:3      | Found a deep blue altar of Sif Muna.
  1686 | D:3      | Found a sacrificial altar of Ru.
  1769 | D:3      | Found a runed door.
  1814 | D:3      | Reached skill level 4 in Polearms
  1824 | D:3      | Noticed Terence
  1829 | D:3      | Killed Terence
  2221 | D:4      | Reached XP level 5. HP: 40/47 MP: 4/4
  2230 | D:4      | Noticed an ogre
  2251 | D:4      | Killed an ogre
  2251 | D:4      | Reached skill level 5 in Polearms
  2309 | D:4      | Noticed Natasha
  2319 | D:4      | Killed Natasha
  2341 | D:4      | Reached XP level 6. HP: 54/55 MP: 5/5
  2350 | D:4      | Noticed Natasha
  2355 | D:4      | Killed Natasha
  2397 | D:4      | Reached skill level 5 in Fighting
  2397 | D:4      | Reached skill level 5 in Armour
  2497 | D:4      | Got a shimmering ivory amulet
  2501 | D:4      | Identified the amulet of Otiodol {Acrobat rF+++ Str+3 Int-2
                  | Dex+5} (You found it on level 4 of the Dungeon)
  2619 | D:4      | Noticed Natasha
  2623 | D:4      | Killed Natasha
  2623 | D:4      | Reached skill level 5 in Shields
  2675 | D:4      | Found a shattered altar of Ashenzari.
  2777 | D:5      | Entered Level 5 of the Dungeon
  2786 | D:5      | Noticed Pikel
  2786 | D:5      | Noticed a slave
  2786 | D:5      | Noticed a slave
  2786 | D:5      | Noticed a slave
  2786 | D:5      | Noticed a slave
  2802 | D:5      | Killed Pikel
  2802 | D:5      | Reached skill level 6 in Polearms
  2802 | D:5      | Reached XP level 7. HP: 40/62 MP: 6/6
  2821 | D:5      | Reached skill level 7 in Polearms
  3087 | D:5      | Found a shimmering altar of Xom.
  3127 | D:5      | Reached XP level 8. HP: 68/70 MP: 7/7
  3375 | D:5      | Reached skill level 8 in Polearms
  3445 | D:5      | Noticed Eustachio
  3641 | D:5      | Killed Eustachio
  3661 | D:5      | Got a bloodstained ring mail
  3674 | D:5      | Identified the cursed +1 ring mail "Jydag" {Str-2 Dex+5}
                  | (You found it on level 5 of the Dungeon)
  4036 | D:6      | Reached skill level 9 in Polearms
  4052 | D:6      | Found a sparkling altar of Nemelex Xobeh.
  4095 | D:6      | Reached XP level 9. HP: 72/79 MP: 8/8
  4251 | D:6      | Reached skill level 1 in Dodging
  4367 | D:6      | Found a staircase to the Ecumenical Temple.
  4380 | Temple   | Entered the Ecumenical Temple
  4397 | Temple   | Became a worshipper of Hepliaklqana the Forgotten
  4526 | D:6      | Found a sparkling altar of Nemelex Xobeh.
  4526 | D:6      | Found an ornate altar of the Wu Jian Council.
  4712 | D:7      | Noticed a deep elf mage
  4747 | D:6      | Reached skill level 10 in Polearms
  4945 | D:7      | Killed a deep elf mage
  4965 | D:7      | Noticed a seven-headed hydra
  4980 | D:7      | Killed a seven-headed hydra
  4980 | D:7      | Reached XP level 10. HP: 34/81 MP: 9/9
  5476 | D:7      | Reached skill level 11 in Polearms
  5730 | D:8      | Found a sand-covered staircase.
  5741 | Ossuary  | Entered an ossuary
  6013 | D:8      | Found a staircase to the Lair.
  6198 | D:8      | Got a polished hand crossbow
  6199 | D:8      | Identified the +5 hand crossbow of Light {freeze, rC+
                  | Int+3} (You found it on level 8 of the Dungeon)
  6349 | D:8      | Reached * piety under Hepliaklqana
  6598 | D:8      | Found a glowing golden altar of the Shining One.
  6603 | D:8      | Found a white marble altar of Elyvilon.
  6974 | D:9      | Noticed a two-headed ogre
  7005 | D:9      | Killed a two-headed ogre
  7104 | D:9      | Reached skill level 12 in Polearms
  7236 | D:9      | Reached skill level 5 in Dodging
  7875 | D:10     | Entered Level 10 of the Dungeon
  7903 | D:10     | Reached XP level 11. HP: 58/87 MP: 10/10
  8175 | D:10     | Reached ** piety under Hepliaklqana
  8176 | D:10     | Remembered your ancestor Ahumratum as a hexer
  8605 | D:10     | Killed an unseen horror
  8623 | D:10     | Noticed a two-headed ogre
  8636 | D:10     | Killed a two-headed ogre
  8722 | D:10     | Got a twitching ivory ring
  8724 | D:10     | Identified the ring "Dipris" {Fire Int+5} (You found it on
                  | level 10 of the Dungeon)
  9151 | D:11     | Noticed Fannar
  9177 | D:11     | Killed Fannar
  9177 | D:11     | Reached skill level 10 in Fighting
  9177 | D:11     | Reached skill level 10 in Armour
  9199 | D:11     | Got a pair of dazzling gloves
  9210 | D:11     | Identified the +0 pair of gloves of Batrul {Int+3} (You
                  | found it on level 11 of the Dungeon)
  9275 | D:11     | Reached skill level 13 in Polearms
  9282 | D:11     | Reached skill level 10 in Shields
  9402 | D:11     | Reached *** piety under Hepliaklqana
  9542 | D:11     | Noticed a red ugly thing
  9561 | D:11     | Noticed a brown ugly thing
  9569 | D:11     | Killed a red ugly thing
  9578 | D:11     | Killed a brown ugly thing
  9578 | D:11     | Reached skill level 1 in Invocations
  9747 | D:11     | Noticed an unseen horror
  9751 | D:11     | Killed an unseen horror
  9804 | D:11     | Noticed Grum
  9821 | D:11     | Killed Grum
  9968 | D:11     | Found a staircase to the Orcish Mines.
 10196 | D:11     | Noticed an unseen horror
 10209 | D:11     | Killed an unseen horror
 10512 | Lair:1   | Entered Level 1 of the Lair of Beasts
 10580 | Lair:1   | Noticed a five-headed hydra
 10591 | Lair:1   | Killed a five-headed hydra
 10591 | Lair:1   | Reached XP level 12. HP: 96/96 MP: 12/12
 10732 | Lair:1   | Reached **** piety under Hepliaklqana
 11214 | Lair:2   | Noticed a seven-headed hydra
 11224 | Lair:2   | Killed a seven-headed hydra
 11513 | Lair:2   | Found a staircase to the Shoals.
 11678 | Lair:2   | Reached skill level 14 in Polearms
 12128 | Lair:2   | Reached skill level 1 in Evocations
 12559 | Lair:3   | Noticed a five-headed hydra
 12569 | Lair:3   | Killed a five-headed hydra
 12610 | Lair:3   | Reached ***** piety under Hepliaklqana
 12647 | Lair:3   | Found a hole to the Spider Nest.
 12658 | Lair:3   | Reached XP level 13. HP: 104/104 MP: 15/15
 13263 | Lair:4   | Identified Sif Muna's Tome of Ghastly Heat
 13830 | Lair:4   | Reached skill level 5 in Invocations
 14268 | Lair:4   | Found a runed door.
 14488 | Lair:4   | Noticed Bomudom's ghost (journeyman NaWz)
 15480 | Lair:6   | Entered Level 6 of the Lair of Beasts
 15794 | Lair:6   | Noticed a dire elephant
 15816 | Lair:6   | Killed a dire elephant
 16003 | Lair:6   | Reached ****** piety under Hepliaklqana
 16090 | Lair:6   | Found a staircase to the Slime Pits.
 16090 | Lair:6   | Found a viscous altar of Jiyva.
 16261 | Lair:6   | Reached skill level 5 in Evocations
 16287 | Lair:6   | Reached XP level 14. HP: 109/114 MP: 17/17
 16523 | Lair:6   | Found a large runed door.
 16663 | Lair:6   | Found a large runed door.
 17517 | D:12     | Noticed Azrael
 17552 | D:12     | Killed Azrael
 17557 | D:12     | Reached skill level 10 in Dodging
 18359 | Orc:1    | Entered Level 1 of the Orcish Mines
 18682 | Orc:1    | Noticed a stone giant
 18694 | Orc:1    | Killed a stone giant
 18922 | Orc:2    | Entered Level 2 of the Orcish Mines
 18922 | Orc:2    | Found a staircase to the Elven Halls.
 19020 | Orc:2    | Noticed Nessos
 19051 | Orc:2    | Killed Nessos
 19309 | Orc:2    | Found a dark tunnel.
 19320 | Volcano  | Entered a volcano
 19607 | Volcano  | Found a bloodstained altar of Trog.
 19732 | Volcano  | Got a pair of twisted gloves
 19803 | Volcano  | Identified the cursed +0 pair of gloves of Existentialism
                  | {rElec MP+9} (You found it in a volcano)
 21843 | Orc:2    | Found Laq Fowah's Jewellery Boutique.
 21873 | Orc:2    | Found Izxyejag's Antique Weapon Shoppe.
 21875 | Orc:2    | Found Nezxar's Distillery.
 21877 | Orc:2    | Found Reusmy's Weapon Boutique.
 21914 | Orc:2    | Bought a potion of magic for 120 gold pieces
 21914 | Orc:2    | Bought a potion of resistance for 150 gold pieces
 21914 | Orc:2    | Bought a potion of heal wounds for 75 gold pieces
 21926 | Orc:2    | Bought an iridescent halberd for 324 gold pieces
 21933 | Orc:2    | Identified the +8 halberd of Extermination {chop, rF+ MR++}
                  | (You bought it in a shop on level 2 of the Orcish Mines)
 22076 | D:13     | Noticed Sonja
 22086 | D:13     | Killed Sonja
 22221 | D:13     | Reached XP level 15. HP: 122/122 MP: 20/20
 22237 | D:13     | Found Liabetz's Book Emporium.
 22294 | D:13     | Found a gate to the Vaults.
 22866 | D:13     | Noticed Snorg
 22872 | D:13     | Noticed Urug
 22878 | D:13     | Killed Snorg
 22943 | D:13     | Killed Urug
 23364 | D:13     | Found a runed door.
 23625 | D:13     | Identified a scroll of acquirement
 23629 | D:13     | Got pitted acid dragon scales
 23640 | D:13     | Identified the +6 acid dragon scales of the Soldier {rCorr
                  | Int+2} (You acquired it on level 13 of the Dungeon)
 24418 | D:14     | Found an opulent altar of Gozag.
 24899 | D:14     | Noticed Louise
 24910 | D:14     | Killed Louise
 24985 | D:14     | You fall through a shaft!
 24985 | D:15     | Entered Level 15 of the Dungeon
 25460 | D:15     | Reached XP level 16. HP: 109/132 MP: 22/22
 25552 | D:15     | Found a staircase to the Depths.
 25698 | D:15     | Reached skill level 15 in Polearms
 25709 | D:15     | Got a black opal-encrusted scale mail
 25720 | D:15     | Identified the +2 scale mail of Zohoqoa {rF- Int+6} (You
                  | found it on level 15 of the Dungeon)
 26277 | Orc:2    | Bought an uncursed ring of poison resistance for 220 gold
                  | pieces
 26515 | Spider:1 | Entered Level 1 of the Spider Nest
 26790 | Spider:1 | Noticed Asterion
 26793 | Spider:1 | Noticed an Executioner
 27164 | Spider:1 | Found a frozen archway.
 27170 | Spider:1 | Reached skill level 10 in Invocations
 27189 | IceCv    | Entered an ice cave
 27362 | IceCv    | Slain by an iron troll simulacrum

Vault maps used:
D:1:      elethiomel_arrival_maze
D:3:      grunt_temple_overflow_open, uniq_terence, uniq_sigmund,
          uniq_crazy_yiuf_cottage
D:4:      nicolae_ashenzari_panopticon, uniq_natasha
D:5:      nicolae_overflow_crystal_walls, first_ration, sword_in_stone,
          uniq_pikel, uniq_eustachio
D:6:      chequers_temple_overflow_statue_of_worship, minmay_temple_entry_mist,
          nemelex_xobeh_ov_fountains_minmay
D:7:      minmay_the_grid_four_pointed_star
D:8:      minitemple, lair_entry_dummy, lightli_ossuary_entry_decrepit_ruins,
          grunt_pizzeria
D:9:      serial_co_window_serial, co_window_paths_b, co_window_corner_a,
          co_window_paths_a, co_window_paths_a, co_window_paths_b,
          co_window_corner_a, co_window_broadway_c, co_window_cross_2,
          co_window_corner_b, co_window_broadway_a, co_window_4corner_a,
          co_window_paths_d, glass_columns_b, grunt_decor_resistance
D:11:     zombieorc1_lemuel, uniq_fannar, uniq_grum
D:12:     uniq_azrael
D:13:     mludivico_vault, david_vaults_4, serial_shops,
          nicolae_shop_statue_plus, uniq_sonja, uniq_snorg, uniq_urug
D:14:     nicolae_gozag_cash_rules_everything_around_me, uniq_louise
D:15:     grunt_enter_depths_magical_seal, minivault_23
Temple:   zaba_magenta_temple
Lair:2:   elwin_shoals_entry_rooms, grunt_megastairs_3
Lair:3:   nicolae_spider_entry_orb_guardian, grunt_megastairs_5
Lair:4:   ebering_ghost_funeral_grove, kennysheep_basilisk_garden
Lair:5:   infiniplex_staircase_pool
Lair:6:   cheibrodos_lair_end_hotspot, slime_altar_1
Spider:1: portal_ice_cave_entry_pillars_1, uniq_asterion
Orc:2:    st_orc_elflike, nicolae_volcano_entry_vermiform, mines_bat_river,
          uniq_nessos
Ossuary:  ossuary_tomb_1
IceCv:    ice_cave_tombish
Volcano:  volcano_lake

Skill      XL: |  1  2  3  4  5  6  7  8  9 10 11 12 13 14 15 16 |
---------------+-------------------------------------------------+-----
Polearms       | 3 4 5 6 7 9 10 12 13 14 15 | 15.3
Fighting       | 4 5 6 7 8 9 10 11 12 13 14 | 14.7
Armour         | 4 5 6 7 8 9 10 11 12 13 14 | 14.8
Shields        | 4 5 6 7 8 9 10 11 12 13 14 | 14.2
Dodging        | 3 5 6 8 9 10 11 12 | 12.2
Invocations    | 2 4 6 8 9 10 | 10.0
Evocations     | 3 5 6 8 |  8.6

Action                   |  1- 3 |  4- 6 |  7- 9 | 10-12 | 13-15 | 16-18 || total
-------------------------+-------+-------+-------+-------+-------+-------++-------
Melee: Trident           |   112 |    95 |   210 |   843 |  1187 |       ||  2447
       Headbutt          |    14 |    19 |    47 |   208 |   496 |   107 ||   891
       Halberd           |       |       |       |       |   253 |       ||   253
       Demon trident     |       |       |       |       |   123 |   325 ||   448
Invok: Ancestor Life: He |       |       |       |     1 |       |       ||     1
       Recall Ancestor   |       |       |       |       |     4 |     1 ||     5
       Transference      |       |       |       |       |     1 |       ||     1
Evoke: Wand              |       |       |     1 |       |    11 |     3 ||    15
  Use: Scroll            |     9 |     3 |     1 |    10 |    19 |     2 ||    44
       Potion            |       |       |     1 |       |     2 |     1 ||     4
 Stab: Sleeping          |       |       |     4 |       |       |       ||     4
       Distracted        |       |       |     2 |    11 |    17 |       ||    30
       Confused          |       |       |       |     8 |    12 |     6 ||    26
       Paralysed         |       |       |       |       |    11 |    12 ||    23
  Eat: Chunk             |     2 |     4 |    10 |    16 |    21 |     2 ||    55
       Ration            |       |       |       |     3 |     6 |     1 ||    10
Armor: Scale mail        |    47 |    42 |    38 |       |       |       ||   127
       Ring mail         |       |       |    28 |     1 |       |       ||    29
       Plate armour      |       |       |       |   170 |   275 |    61 ||   506
Dodge: Dodged            |    32 |    41 |   108 |   290 |   808 |   172 ||  1451
Block: Shield            |    30 |       |       |   210 |   720 |   194 ||  1154
       Buckler           |     1 |    14 |    45 |    85 |       |       ||   145

Table legend:
 A = Non-vault XP
 B = Vault XP
 C = Vault XP percentage of total XP
 D = Non-vault monster count
 E = Vault monster count
 F = Vault count percentage of total count
                 A         B        C        D         E       F
            +---------+---------+-------+---------+---------+-------
      Total |  127134 |   58785 |  31.6 |     644 |     231 |  26.4
            +---------+---------+-------+---------+---------+-------
        D:1 |      26 |       0 |   0.0 |      13 |       0 |   0.0
        D:2 |      64 |       0 |   0.0 |      19 |       0 |   0.0
        D:3 |      34 |      36 |  51.4 |      13 |       1 |   7.1
        D:4 |     323 |      35 |   9.8 |      19 |       1 |   5.0
        D:5 |     503 |    1246 |  71.2 |      13 |       6 |  31.6
        D:6 |    1070 |     206 |  16.1 |      22 |       1 |   4.3
        D:7 |    1020 |    1733 |  62.9 |      23 |       5 |  17.9
        D:8 |    1200 |     133 |  10.0 |      34 |       1 |   2.9
        D:9 |    2839 |       0 |   0.0 |      30 |       0 |   0.0
       D:10 |    3846 |       0 |   0.0 |      26 |       0 |   0.0
       D:11 |    5604 |    2258 |  28.7 |      40 |      33 |  45.2
       D:12 |    1554 |    2536 |  62.0 |      10 |       9 |  47.4
       D:13 |    7156 |   13040 |  64.6 |      21 |      25 |  54.3
       D:14 |   12684 |    1581 |  11.1 |      40 |       1 |   2.4
       D:15 |   29624 |    4831 |  14.0 |      60 |       9 |  13.0
     Temple |      35 |       0 |   0.0 |       1 |       0 |   0.0
     Lair:1 |    2561 |       0 |   0.0 |      10 |       0 |   0.0
     Lair:2 |    3083 |    1594 |  34.1 |      12 |       3 |  20.0
     Lair:3 |    9307 |    1188 |  11.3 |      35 |       2 |   5.4
     Lair:4 |    5819 |     766 |  11.6 |      24 |       4 |  14.3
     Lair:5 |    5392 |       0 |   0.0 |      25 |       0 |   0.0
     Lair:6 |   12314 |    8252 |  40.1 |      40 |      26 |  39.4
   Spider:1 |   12074 |       0 |   0.0 |      37 |       0 |   0.0
      Orc:1 |    4525 |       0 |   0.0 |      27 |       0 |   0.0
      Orc:2 |    4477 |   10416 |  69.9 |      50 |      34 |  40.5
    Ossuary |       0 |     190 | 100.0 |       0 |      39 | 100.0
      IceCv |       0 |    3541 | 100.0 |       0 |      13 | 100.0
    Volcano |       0 |    5203 | 100.0 |       0 |      18 | 100.0
            +---------+---------+-------+---------+---------+-------
